 Dungeon Crawl Stone Soup version 0.27.0-1-g7a089689b8 (webtiles) character file.

Game seed: 11693304689274293384

596 H0rd4k the Insei (level 7, 0/44 HPs)
             Began as an Octopode Transmuter on Aug 2, 2021.
             Splashed by a jelly's acid (7 damage)
             ... on level 3 of the Dungeon.
             The game lasted 00:04:22 (5096 turns).

H0rd4k the Insei (Octopode Transmuter)              Turns: 5096, Time: 00:04:24

Health: 0/44       AC: -6    Str:  9    XL:     7   Next: 40%
Magic:  9/12       EV: 24    Int: 24    God:
Gold:   129        SH:  0    Dex: 17    Spells: 9/13 levels left

rFire    . . .     SeeInvis +     - Unarmed
rCold    . . .     Faith    .   (shield currently unavailable)
rNeg     . . .     Spirit   .   (helmet currently unavailable)
rPois    x         Reflect  .   (no amulet)
rElec    .         Harm     .   a - ring of see invisible
rCorr    .         Rampage  .   h - +6 ring of intelligence
Will     +....                  k - ring of willpower
Stlth    ++........             l - +4 ring of evasion
HPRegen  0.14/turn              (no ring)
MPRegen  0.13/turn              (no ring)
                                (no ring)
                                (no ring)

@: lethally poisoned (0 -> -1), spider-form, corroded
A: venomous fangs, almost no armour, (amphibious), 8 rings, tiny, (camouflage
1), (gelatinous body 1), (nimble swimmer 1), (tentacles)
a: End Transformation


You were on level 3 of the Dungeon.
You were a venomous arachnid creature.
You visited 1 branch of the dungeon, and saw 4 of its levels.

You collected 129 gold pieces.

Inventory:

Missiles
 q - a throwing net
Jewellery
 a - a ring of see invisible (left front leg)
 h - a +6 ring of intelligence (right front leg)
 k - a ring of willpower (on tentacle)
 l - a +4 ring of evasion (on tentacle)
Wands
 d - a wand of acid (13)
 m - a wand of paralysis (10)
Scrolls
 b - 3 scrolls of teleportation {unknown}
 c - 4 scrolls of identify {unknown}
 f - 4 scrolls of immolation {unknown}
 g - a scroll of noise {unknown}
 j - 2 scrolls of blinking {unknown}
 o - a scroll of amnesia {unknown}
 p - a scroll of acquirement {unknown}
Potions
 e - 3 potions of haste {unknown}
 i - a potion of degeneration {unknown}
 n - a potion of brilliance {unknown}
 r - a potion of heal wounds


   Skills:
 + Level 1.6 Fighting
 + Level 3.3 Dodging
 - Level 1.1 Stealth
 + Level 5.3 Unarmed Combat
 * Level 3.7 Spellcasting
 * Level 3.4 Transmutations
 - Level 2.8 Poison Magic


You had 9 spell levels left.
You knew the following spells:

 Your Spells              Type           Power      Damage    Failure   Level
a - Beastly Appendage     Tmut           42%        N/A       9%          1
b - Spider Form           Tmut/Pois      9%         N/A       22%         3

Your spell library contained the following spells:

 Spells                   Type           Power      Damage    Failure   Level
 Wereblood                Tmut           21%        N/A       12%         2
 Freeze                   Ice            16%        1d4       24%         1
 Slow                     Hex            4%         N/A       34%         2
 Confusing Touch          Hex            4%         N/A       52%         3
 Frozen Ramparts          Ice            8%         1d2       52%         3
 Vampiric Draining        Necr           2%         2d6       52%         3
 Ice Form                 Ice/Tmut       12%        N/A       65%         4
 Hailstorm                Conj/Ice       4%         3d4       86%         4


Dungeon Overview and Level Annotations

Branches:
Dungeon (4/15)
 Temple: D:4-7

Altars:
Fedhas
Kikubaaqudgha
Sif Muna
Trog

Annotations:
D:2 exclusion: downstairs
D:3 exclusion: downstairs


Innate Abilities, Weirdness & Mutations

You are a venomous arachnid creature.
You have poisonous fangs.
You are tiny and dextrous.
Your spellcasting is less reliable in this form.
Your armour is entirely melded.
You are incapable of wielding weapons or throwing items.
You cannot wear most types of armour.
((You are amphibious.))
You can wear up to eight rings at the same time.
((Your skin changes colour to match your surroundings (Stealth+).))
((Your rubbery body absorbs attacks. (AC +1, EV +1)))
((You are camouflaged near water. (Stealth+)))
((You have tentacles for arms and can constrict up to eight enemies at once.))


Message History

You bludgeon the kobold!
You kill the kobold!
The jelly hits you.
You are splashed with acid.
The jelly hits you but does no damage.
You see here a giant cockroach corpse.
The adder closely misses you.
Found 16 gold pieces.
There is a stone staircase leading down here.
The jelly jiggles.
The adder bites you.
There is a stone staircase leading up here.
The adder closely misses you. The jelly misses you.
The adder barely misses you.
You climb upwards.
Level annotation: exclusion: downstairs
There is a stone staircase leading down here.
The jelly closely misses you. The adder completely misses you.
The jelly hits you. The acid corrodes you!
You are splashed with acid!
The adder closely misses you. The adder bites you.
You are poisoned.
The adder poisons you!
You feel sick.
You feel sick.
You feel sick.
Casting: Spider Form (dangerous; 9% risk of failure)
Confirm with . or Enter, or press ? or * to list all spells.
You turn into a venomous arachnid creature.
You feel sick. The adder misses you. The adder completely misses you.
You hit the adder.
The adder is poisoned.
The adder is moderately wounded.
You feel sick. The jelly closely misses you. The adder completely misses you.
You hit the adder.
The adder looks as sick as possible!
The adder is almost dead.
You feel sick.
You kill the adder!
The jelly hits you.
* * * LOW HITPOINT WARNING * * *
The acid corrodes you!
You are splashed with acid!
You die...

#######
......#############
........#..#....s.#
......###.......#J#
#+#.....#._.......#
#......##.........#
#......##..##.....#
#.......#####.....#
#...........#.....#
............#.....#
...............)..#


You could see a jelly.

Vanquished Creatures
  A black bear (D:4)
  A howler monkey (D:4)
  A hound (D:3)
  A jelly (D:4)
  Ijyb (D:4)
  Jessica (D:3)
  Terence (D:2)
  Natasha (thrice) (D:3)
  2 orc wizards (D:3)
  2 hound skeletons (D:4)
  6 adders
  3 gnolls (D:3)
  An ufetubus (D:4)
  An adder skeleton (D:4)
  A worm (D:2)
  4 dart slugs
  7 orcs
  A ball python (D:2)
  8 endoplasms
  A giant cockroach (D:4)
  6 hobgoblins
  10 jackals
  6 kobolds
  4 quokkas
  8 bats
  4 frilled lizards
  8 goblins
  7 rats
  A bush (D:3)
101 creatures vanquished.

Vanquished Creatures (others)
  9 plants (D:3)
  3 withered plants (D:3)
12 creatures vanquished.

Grand Total: 113 creatures vanquished

Notes
Turn   | Place    | Note
-------+----------+-------------------------------------------
     0 | D:1      | H0rd4k the Octopode Transmuter began the quest for the Orb.
     0 | D:1      | Reached XP level 1. HP: 13/13 MP: 3/3
   141 | D:1      | Reached XP level 2. HP: 16/18 MP: 5/5
   499 | D:1      | Reached skill level 1 in Stealth
   729 | D:1      | Reached XP level 3. HP: 23/23 MP: 6/6
   733 | D:1      | Learned a level 3 spell: Spider Form
   999 | D:1      | Found a faded altar of an unknown god.
  1715 | D:2      | Reached skill level 1 in Poison Magic
  1815 | D:2      | Reached XP level 4. HP: 19/28 MP: 3/7
  1931 | D:2      | Noticed Terence
  1942 | D:2      | Killed Terence
  2311 | D:2      | Reached skill level 4 in Unarmed Combat
  2902 | D:3      | Reached XP level 5. HP: 19/33 MP: 4/8
  3155 | D:3      | Found a shimmering blue altar of Sif Muna.
  3193 | D:3      | Noticed Jessica
  3508 | D:3      | Reached XP level 6. HP: 19/38 MP: 6/10
  3773 | D:3      | Found a bloodstained altar of Trog.
  3803 | D:3      | Killed Jessica
  3972 | D:3      | Noticed Natasha
  3985 | D:3      | HP: 1/38 [poisoned by a gnoll]
  3993 | D:3      | Killed Natasha
  4125 | D:3      | Noticed Natasha
  4132 | D:3      | Killed Natasha
  4203 | D:3      | Found an ancient bone altar of Kikubaaqudgha.
  4207 | D:3      | Found a blossoming altar of Fedhas.
  4408 | D:3      | Noticed Natasha
  4419 | D:3      | Killed Natasha
  4511 | D:4      | Noticed Ijyb
  4526 | D:4      | Killed Ijyb
  4646 | D:4      | Noticed a black bear
  4712 | D:4      | Killed a black bear
  4713 | D:4      | Reached skill level 5 in Unarmed Combat
  4713 | D:4      | Reached XP level 7. HP: 35/43 MP: 7/12
  5096 | D:3      | Splashed by a jelly's acid

Illustrated notes

Levels and vault maps discovered:
D:1:      dpeg_arrival_subterranean_lakeside_camping, layout_basic,
          hellmonk_ecumenical_altar_zigzags, hangedman_decor_clover_reticule,
          st_stairs_4
D:2:      layout_loops_cross, uniq_terence, uniq_crazy_yiuf_cottage
D:3:      layout_basic, mainiacjoe_overflow_alcove_1,
          grunt_temple_overflow_growth_and_decay, mainiacjoe_overflow_boulevard,
          serial_forest, infiniplex_forest_split,
          infiniplex_forest_clump_curved, infiniplex_forest_clump_diagonal,
          infiniplex_forest_end_3, infiniplex_forest_fountain,
          infiniplex_forest_lined_corner, infiniplex_forest_straight_1,
          uniq_natasha, uniq_jessica
D:4:      minmay_chambers_of_threes, layout_cave_pools, minmay_misc_feat_x,
          uniq_ijyb

Skill      XL: |  1  2  3  4  5  6 |
---------------+-------------------+-----
Stealth        | 1 |  1.1
Poison Magic   | 1 2 |  2.8
Unarmed Combat | 4 5 |  5.3
Spellcasting   | 3 |  3.7
Transmutations | 3 |  3.4
Dodging        | 3 |  3.3
Fighting       | |  1.6

Action                   |  1- 3 |  4- 6 |  7- 9 || total
-------------------------+-------+-------+-------++-------
Melee: Unarmed           |    99 |   224 |    41 ||   364
       Constrict         |    21 |    17 |     7 ||    45
       Tentacles         |    19 |    31 |     8 ||    58
       Punch             |     2 |     5 |     3 ||    10
 Cast: Spider Form       |     1 |    14 |     3 ||    18
  Use: Potion            |       |     1 |       ||     1
 Stab: Sleeping          |    11 |     2 |       ||    13
       Distracted        |       |       |     1 ||     1
Armor: Skin              |     8 |     7 |     3 ||    18
Dodge: Dodged            |    89 |   101 |    40 ||   230
